 Dungeon Crawl Stone Soup version 0.27.1-3-gb3d3a73c9e (webtiles) character file.

Game seed: 14301551705902656630

494 pkoi the Insei (level 6, -4/52 HPs)
             Began as a Draconian Monk on Oct 26, 2021.
             Was an Elder of Cheibriados.
             Slain by Duvessa (9 damage)
             ... on level 4 of the Dungeon.
             The game lasted 00:04:43 (4103 turns).

pkoi the Insei (Draconian Monk)                     Turns: 4103, Time: 00:04:44

Health: -4/52      AC:  9    Str: 23    XL:     6   Next: 92%
Magic:  4/7        EV: 15    Int: 20    God:    Cheibriados [****..]
Gold:   140        SH:  0    Dex: 23    Spells: 2/5 levels left

rFire    . . .     SeeInvis .     - Unarmed
rCold    . . .     Faith    .   (no shield)
rNeg     . . .     Spirit   .   (armour unavailable)
rPois    .         Reflect  .   (helmet restricted)
rElec    .         Harm     .   (no cloak)
rCorr    .         Rampage  .   (no gloves)
Will     .....                  n - +2 pair of boots
Stlth    +++.......             (no amulet)
HPRegen  0.17/turn              b - ring of wizardry
MPRegen  0.10/turn              (no ring)

@: very slow
A: AC +6, unfitting armour, cold-blooded
a: Renounce Religion, Bend Time, Temporal Distortion, Slouch


You were on level 4 of the Dungeon.
You worshipped Cheibriados.
Cheibriados was greatly pleased with you.
You visited 1 branch of the dungeon, and saw 4 of its levels.

You collected 140 gold pieces.

Inventory:

Hand Weapons
 j - a +0 dagger of venom
Missiles
 g - 8 atropa-tipped darts (quivered)
 l - 22 poisoned darts
Armour
 n - a +2 pair of boots (worn)
Jewellery
 b - a ring of wizardry (left hand)
 i - a ring of resist corrosion
Scrolls
 d - a scroll of teleportation
 h - 2 scrolls of identify
 o - a scroll of magic mapping {unknown}
Potions
 a - a potion of mutation {unknown}
 c - a potion of might
 e - 3 potions of curing {unknown}
 f - a potion of resistance {unknown}
 k - 2 potions of flight {unknown}
 m - a potion of berserk rage {unknown}


   Skills:
 + Level 4.2 Fighting
 + Level 4.0 Dodging
 + Level 2.8 Stealth
 * Level 5.7 Unarmed Combat
 + Level 0.0 Spellcasting
 + Level 0.0 Hexes
 + Level 2.4 Invocations


You had 2 spell levels left.
You knew the following spells:

 Your Spells              Type           Power      Damage    Failure   Level
a - Confusing Touch       Hex            0%         N/A       22%         3

Your spell library contained the following spells:

 Spells                   Type           Power      Damage    Failure   Level
 Slow                     Hex            0%         N/A       12%         2
 Vampiric Draining        Necr           0%         2d6       22%         3


Dungeon Overview and Level Annotations

Branches:
Dungeon (4/15)
 Temple: D:4-7

Altars:
Cheibriados
Nemelex Xobeh
Okawaru
Ru

Annotations:
D:4 Dowan, Duvessa


Innate Abilities, Weirdness & Mutations

Your plain brown scales are hard. (AC +6)
You cannot fit into any form of body armour.
You are cold-blooded and may be slowed by cold attacks.


Message History

Dowan is wielding a +0 dagger and carrying a wand of flame (21).
There are monsters nearby!
Dowan shouts!
Dowan zaps a wand.
The puff of flame hits you!
Dowan says, "Magic and the sword, together, will defeat you."
There is an open door here.
Duvessa closely misses you.
You hit Duvessa but do no damage. You hit Duvessa but do no damage.
Duvessa hits you with a +0 rapier.
You hit Duvessa but do no damage.
Your tail-slap misses Duvessa.
Duvessa hits you with a +0 rapier!
You hit Duvessa but do no damage.
Your tail-slap misses Duvessa.
You closely miss Dowan. Duvessa hits you with a +0 rapier.
Dowan gestures at you while chanting. You resist with some effort.
You barely miss Dowan.
Your tail-slap misses Dowan.
Duvessa hits you with a +0 rapier. Dowan gestures at you while chanting.
The puff of flame hits you.
* * * LOW HITPOINT WARNING * * *
Casting: Confusing Touch (dangerous; 22% risk of failure)
Confirm with . or Enter, or press ? or * to list all spells.
Your hands begin to glow red.
Duvessa hits you with a +0 rapier.
* * * LOW HITPOINT WARNING * * *
Dowan zaps a wand.
The puff of flame misses you.
Unknown command.
You hit Dowan but do no damage. Duvessa hits you with a +0 rapier!
* * * LOW HITPOINT WARNING * * *
Dowan casts a spell at Duvessa.
Duvessa seems to speed up.
You closely miss Dowan. Duvessa hits you with a +0 rapier.
* * * LOW HITPOINT WARNING * * *
Dowan hits you with a +0 dagger.
* * * LOW HITPOINT WARNING * * *
Unknown command.
You hit Dowan but do no damage.
Dowan appears confused.
You tail-slap Dowan. You punch Dowan.
Dowan is moderately wounded.
Duvessa hits you with a +0 rapier!
You die...

................#.....
................#.....
...............#.....
#######.....##....#.....
#.....#.....##.†.##.####
#.....#.....##...##.#
#.....#......#......#
###.....ee.....#......#
........#@.....+......#
........###############
.......e..)......
.................
.................
...#+###......... ...
#......... .. #.........
#....$..#+


You could see Duvessa (fast) and Dowan (confused).

Vanquished Creatures
  Sigmund (D:3)
  A scorpion (D:3)
  A howler monkey (D:2)
  An orc wizard (D:3)
  Robin (D:3)
  5 adders (D:2)
  5 gnolls
  6 worms
  2 dart slugs
  4 orcs (D:3)
  4 bats
  5 endoplasms
  3 giant cockroaches
  16 goblins
  8 hobgoblins
  4 jackals (D:2)
  2 quokkas
  8 ball pythons
  2 kobolds (D:1)
  3 rats
82 creatures vanquished.

Notes
Turn   | Place    | Note
-------+----------+-------------------------------------------
     0 | D:1      | pkoi the Draconian Monk began the quest for the Orb.
     0 | D:1      | Reached XP level 1. HP: 19/19 MP: 1/1
   376 | D:1      | Reached XP level 2. HP: 15/26 MP: 2/2
   914 | D:1      | Found a faded altar of an unknown god.
  1459 | D:2      | Reached XP level 3. HP: 19/31 MP: 3/3
  1465 | D:2      | Reached skill level 4 in Unarmed Combat
  1961 | D:2      | Found a snail-covered altar of Cheibriados.
  1966 | D:2      | Reached XP level 4. HP: 28/38 MP: 4/4
  1974 | D:2      | Became a worshipper of Cheibriados the Contemplative
  1974 | D:2      | Reached * piety under Cheibriados
  1974 | D:2      | Reached ** piety under Cheibriados
  2358 | D:2      | Reached skill level 1 in Invocations
  2358 | D:2      | Reached XP level 5. HP: 25/45 MP: 5/5
  2627 | D:2      | Reached skill level 5 in Unarmed Combat
  2908 | D:3      | Noticed Sigmund
  2939 | D:3      | Killed Sigmund
  2940 | D:3      | Reached XP level 6. HP: 27/52 MP: 5/7
  3241 | D:3      | Noticed Robin
  3272 | D:3      | Reached *** piety under Cheibriados
  3308 | D:3      | Killed Robin
  3650 | D:3      | Found an iron altar of Okawaru.
  3655 | D:3      | Found a sparkling altar of Nemelex Xobeh.
  3670 | D:3      | Found a sacrificial altar of Ru.
  4001 | D:3      | Learned a level 3 spell: Confusing Touch
  4051 | D:4      | Reached **** piety under Cheibriados
  4086 | D:4      | Noticed Duvessa
  4086 | D:4      | Noticed Dowan
  4103 | D:4      | Slain by Duvessa

Illustrated notes

Levels and vault maps discovered:
D:1:      psy_arrival_radial01, layout_basic,
          dreamdust_ecumenical_altar_angels_and_demons
D:2:      layout_loops_cross, basic_altar, st_stairs_4, minmay_quantized
D:3:      layout_basic, nicolae_ru_awakened_eye, grunt_temple_overflow_open,
          minmay_fractal_squares_gapless_5, uniq_sigmund, uniq_robin
D:4:      layout_gridville, uniq_duvessa, uniq_crazy_yiuf_cottage

Skill      XL: |  1  2  3  4  5  6 |
---------------+-------------------+-----
Dodging        | 3 4 |  4.0
Unarmed Combat | 4 5 |  5.7
Stealth        | 2 |  2.8
Invocations    | 1 2 |  2.4
Fighting       | 4 |  4.2

Action                   |  1- 3 |  4- 6 || total
-------------------------+-------+-------++-------
Melee: Unarmed           |   110 |   223 ||   333
       Tailslap          |    14 |    45 ||    59
       Punch             |     2 |     8 ||    10
 Cast: Confusing Touch   |       |     1 ||     1
  Use: Scroll            |     3 |     2 ||     5
 Stab: Sleeping          |     2 |    10 ||    12
Armor: Skin              |    17 |    67 ||    84
Dodge: Dodged            |    55 |   148 ||   203
